 Dungeon Crawl Stone Soup version 0.27.0-1-g7a089689b8 (webtiles) character file.

Game seed: 3433420616083875729

12786 Brandom the Fighter (level 11, -5/95 HPs)
             Began as a Palentonga Monk on Aug 9, 2021.
             Was a High Priest of Cheibriados.
             Slain by a spark wasp (shapeshifter) (17 damage)
             ... on level 11 of the Dungeon.
             The game lasted 00:37:51 (13470 turns).

Brandom the Fighter (Palentonga Monk)              Turns: 13470, Time: 00:37:51

Health: -5/95      AC: 17    Str: 33    XL:     11   Next: 67%
Magic:  14/17      EV: 11    Int: 25    God:    Cheibriados [*****.]
Gold:   590        SH:  5    Dex: 25    Spells: 7/14 levels left

rFire    + . .     SeeInvis +   K - +4 falchion
rCold    . . .     Faith    .   (no shield)
rNeg     . . .     Spirit   .   C - +0 plate armour
rPois    .         Reflect  +   (no helmet)
rElec    .         Harm     .   s - +0 cloak
rCorr    .         Rampage  .   (no gloves)
Will     +....                  (no barding)
Stlth    ..........             I - amulet of reflection
HPRegen  1.25/turn              o - +6 ring of strength
MPRegen  0.15/turn              A - ring of willpower

@: curled up, very slow
A: large, rugged brown scales 3, see invisible, deformed body, roll 1, armoured
tail, reflexive curl, fire resistance 1, regeneration 1
a: Rolling Charge, Renounce Religion, Bend Time, Temporal Distortion, Slouch,
Step From Time


You were on level 11 of the Dungeon.
You worshipped Cheibriados.
Cheibriados was extremely pleased with you.
You visited 1 branch of the dungeon, and saw 11 of its levels.
You also visited: Ossuary.

You collected 590 gold pieces.

Inventory:

Hand Weapons
 a - a +0 falchion
 H - a +1 falchion of pain
   (You took it off Eustachio on level 4 of the Dungeon)
 K - a +4 falchion (weapon)
   (You took it off a wight on level 8 of the Dungeon)
Missiles
 r - 5 javelins (quivered)
Armour
 b - a +1 robe
 s - a +0 cloak (worn)
   (You found it on level 4 of the Dungeon)
 v - a +0 leather armour
   (You took it off Eustachio on level 4 of the Dungeon)
 z - a +0 chain mail
   (You took it off an orc on level 5 of the Dungeon)
 C - a +0 plate armour (worn)
   (You took it off an orc warrior on level 6 of the Dungeon)
 S - a +0 pair of gloves
   (You found it on level 11 of the Dungeon)
Jewellery
 o - a +6 ring of strength (left hand)
   (You found it on level 3 of the Dungeon)
 x - a ring of ice
   (You took it off Fannar on level 11 of the Dungeon)
 A - a ring of willpower (right hand)
   (You found it on level 6 of the Dungeon)
 F - an amulet of guardian spirit
   (You found it on level 7 of the Dungeon)
 G - a ring of fire
   (You found it on level 6 of the Dungeon)
 I - an amulet of reflection (around neck)
   (You took it off a centaur on level 7 of the Dungeon)
 O - a ring of positive energy
   (You found it on level 9 of the Dungeon)
Wands
 d - a wand of iceblast (11)
   (You found it on level 2 of the Dungeon)
 t - a wand of flame (19)
   (You found it on level 9 of the Dungeon)
 u - a wand of paralysis (16)
   (You took it off a centaur on level 7 of the Dungeon)
 B - a wand of mindburst (17)
   (You found it on level 6 of the Dungeon)
Scrolls
 c - 2 scrolls of vulnerability {!r}
 g - a scroll of torment {unknown}
 h - 2 scrolls of acquirement {unknown}
 i - 2 scrolls of teleportation {unknown}
 k - 5 scrolls of enchant armour
 n - 2 scrolls of fog {unknown}
 p - a scroll of blinking {unknown}
 q - a scroll of immolation {unknown}
 y - a scroll of summoning {unknown}
 P - a scroll of fear {unknown}
Potions
 e - 5 potions of degeneration {!q}
 f - 6 potions of curing {@q1}
 j - 2 potions of invisibility
 l - 7 potions of brilliance
 m - 3 potions of might
 w - 2 potions of heal wounds {@q2}
 D - a potion of flight
 E - 4 potions of cancellation
 J - a potion of mutation {!q}
 L - a potion of ambrosia
 M - a potion of lignification {!q}
 N - 2 potions of attraction {!q}
 R - 2 potions of magic {unknown}


   Skills:
 + Level 9.1 Fighting
 + Level 9.1 Long Blades
 + Level 4.0 Armour
 + Level 7.6 Dodging
 - Level 1.2 Stealth
 - Level 2.0 Spellcasting
 + Level 5.5 Poison Magic
 + Level 8.7 Invocations


You had 7 spell levels left.
You knew the following spells:

 Your Spells              Type           Power      Damage    Failure   Level
a - Sting                 Tmut/Pois      64%        1d6       30%         1
b - Poisonous Vapours     Pois/Air       32%        N/A       41%         2
c - Olgreb's Toxic Radia  Pois           30%        N/A       67%         4

Your spell library contained the following spells:

 Spells                   Type           Power      Damage    Failure   Level
 Ozocubu's Armour         Ice            2%         N/A       95%         3
 Metabolic Englaciation   Hex/Ice        1%         N/A       100%        5
 Simulacrum               Ice/Necr       1%         N/A       100%        6


Dungeon Overview and Level Annotations

Branches:
Dungeon (11/15)            Temple (0/1) D:6            Lair (0/6) D:8
Ossuary (visited)
    Orc: D:9-12

Altars:
Cheibriados
Dithmenos
Elyvilon
Gozag
Kikubaaqudgha
Nemelex Xobeh
Okawaru
Ru
Sif Muna
The Shining One

Shops:
D:6 (


Innate Abilities, Weirdness & Mutations

You are completely covered in rugged brown scales. (AC +3, +7% HP)
You have supernaturally acute eyesight. (SInv)
Armour fits poorly on your strangely shaped body.
You can roll at nearby foes to attack.
You have a long armoured tail.
You curl defensively after being hit.
Your flesh is heat resistant. (rF+)
Your natural rate of healing is unusually fast.


Message History

You throw a throwing net {!f}. The throwing net {!f} hits Fannar.
Fannar is caught in the net!
You hit Fannar.
Fannar struggles against the net.
You slash Fannar! You tail-slap Fannar, but do no damage.
Fannar struggles against the net.
You hit Fannar.
Fannar struggles against the net.
You slash Fannar! You tail-slap Fannar.
Fannar struggles against the net.
You catch the helpless Fannar completely off-guard!
You slash Fannar!
You kill Fannar!
Cheibriados appreciates the change of pace.
Your Armour skill increases to level 4!
e - 5 potions of degeneration {!q} (gained 2)
Q - a throwing net {!f}
Items here: ) = [ †.
x - a ring of ice A spark wasp comes into view.
You start resting.
An acid dragon comes into view.
The acid dragon roars!
Things that are here:
a +0 quarterstaff of freezing; a +1 robe of cold resistance; the elf corpse of Fannar The spark wasp buzzes angrily.
You hit the spark wasp.
Your tail-slap misses the spark wasp.
The spark wasp closely misses you.
Your plate armour prevents you from hitting the spark wasp.
Your tail-slap misses the spark wasp.
The spark wasp barely misses you.
You riposte.
You slash the spark wasp!
Your tail-slap misses the spark wasp.
The spark wasp stings you!! The spark wasp shocks you!
Unknown command.
The flow of time bends around you.
Cheibriados rebukes the spark wasp.
The spark wasp seems to slow down.
The spark wasp stings you!!
* * * LOW HITPOINT WARNING * * *
The spark wasp shocks you!
* * * LOW HITPOINT WARNING * * *
You feel much better. The spark wasp misses you.
You riposte.
You barely miss the spark wasp. You tail-slap the spark wasp.
Okay, then.
Aim: a spark wasp (moderately wounded, slow, chance to affect: 28%)
Okay, then.
Okay, then.
Throw: throwing net {!f}
Aim: a spark wasp (moderately wounded, slow, 57% to hit)
You throw a throwing net {!f}.
The throwing net {!f} barely misses the spark wasp.
The spark wasp stings you!!
* * * LOW HITPOINT WARNING * * *
The spark wasp shocks you!
You die...

#[.......###.....'.#####.'.##.#
#........##..#####.......#..#.#
#...........## #.########.#.###
#........#### #.#.....##.'....
#........# #.###.#.########
#####.#### #.....#.# #.... #..#
#########'#### ##### #.##
#..y.#....# ####.#####
#)##@..#### .........# #≈≈≈#####
........##≈≈≈≈≈≈≈ ####### ####
...>...##≈≈≈≈≈≈≈≈≈##.....# #.<.
.......#≈≈≈≈≈y≈≈.D≈#.....#####.##
......##≈≈#≈...≈≈≈≈##.)..#...'.#.
......#≈.#.##...#≈≈≈#.<..'.###.#.
......#≈... .###...≈#....### #)..
.....## ##...# #.##


You could see a spark wasp (slow).

Vanquished Creatures
  Fannar (D:11)
  A hydra (D:11)
  2 two-headed ogres
  2 phantasmal warriors (D:11)
  3 centaur zombies
  A gargoyle (D:11)
  Prince Ribbit (D:5)
  A shadow (D:11)
  Eustachio (D:4)
  17 yaks
  3 wraiths
  A vampire mosquito (D:11)
  3 wargs
  2 water moccasins (D:7)
  4 orc warriors
  An ice beast (D:6)
  2 necrophages
  7 ogres
  5 centaurs
  5 bullfrogs
  3 gnoll sergeants
  A wyvern zombie (D:7)
  A scorpion (D:5)
  2 jellies
  14 killer bees
  3 howler monkeys
  7 wights
  Crazy Yiuf (D:5)
  5 hounds
  2 bullfrog skeletons
  2 bullfrog zombies
  3 orc priests
  4 centaur skeletons
  3 iguanas
  Ijyb (D:3)
  6 orc wizards
  A mummy (Ossuary)
  2 howler monkey zombies
  10 gnolls
  2 howler monkey skeletons (D:6)
  7 adders
  A white imp (D:7)
  An ufetubus (D:4)
  2 dart slugs (D:1)
  13 orcs
  5 endoplasms
  8 giant cockroaches
  6 goblins
  7 hobgoblins
  9 jackals
  4 quokkas
  7 ball pythons
  4 bats
  5 frilled lizards
  8 gnoll skeletons (Ossuary)
  7 kobolds
  8 kobold skeletons (Ossuary)
  9 orc skeletons (Ossuary)
  4 rats (D:1)
251 creatures vanquished.

Vanquished Creatures (others)
  A bush (D:5)
1 creature vanquished.

Grand Total: 252 creatures vanquished

Notes
Turn   | Place    | Note
-------+----------+-------------------------------------------
     0 | D:1      | Brandom the Palentonga Monk began the quest for the Orb.
     0 | D:1      | Reached XP level 1. HP: 19/19 MP: 1/1
   191 | D:1      | Reached XP level 2. HP: 15/25 MP: 2/2
  1197 | D:1      | Reached XP level 3. HP: 31/31 MP: 3/3
  1419 | D:1      | Found a faded altar of an unknown god.
  1439 | D:1      | Became a worshipper of Cheibriados the Contemplative
  1439 | D:1      | Reached * piety under Cheibriados
  1439 | D:1      | Reached ** piety under Cheibriados
  1709 | D:2      | Reached *** piety under Cheibriados
  1768 | D:2      | Reached XP level 4. HP: 39/39 MP: 4/4
  2409 | D:3      | Reached XP level 5. HP: 32/44 MP: 5/5
  2517 | D:3      | Noticed Ijyb
  2528 | D:3      | Paralysed by Ijyb for 6 turns
  2535 | D:3      | Paralysed by Ijyb for 6 turns
  2547 | D:3      | Paralysed by Ijyb for 3 turns
  2550 | D:3      | Killed Ijyb
  3472 | D:4      | Noticed a necrophage
  3475 | D:4      | Reached skill level 1 in Invocations
  3486 | D:4      | Killed a necrophage
  3487 | D:4      | Reached XP level 6. HP: 35/52 MP: 5/7
  3678 | D:4      | Found a shadowy altar of Dithmenos.
  3685 | D:4      | Reached **** piety under Cheibriados
  4343 | D:4      | Found a sparkling altar of Nemelex Xobeh.
  4396 | D:5      | Entered Level 5 of the Dungeon
  4396 | D:5      | Noticed Eustachio
  4403 | D:4      | Reached skill level 5 in Fighting
  4403 | D:4      | Reached skill level 5 in Long Blades
  4403 | D:4      | Gained mutation: You curl defensively after being hit.
                  | [Palentonga growth]
  4403 | D:4      | Reached XP level 7. HP: 51/59 MP: 4/9
  4409 | D:4      | Killed Eustachio
  4530 | D:5      | Found an iron altar of Okawaru.
  4635 | D:5      | Found a runed translucent door.
  4636 | D:5      | Noticed Crazy Yiuf
  4700 | D:5      | Noticed Prince Ribbit
  4703 | D:5      | Killed Prince Ribbit
  4745 | D:5      | Reached XP level 8. HP: 55/68 MP: 9/11
  4950 | D:5      | Learned a level 1 spell: Sting
  4953 | D:5      | Learned a level 2 spell: Poisonous Vapours
  4958 | D:5      | Learned a level 4 spell: Olgreb's Toxic Radiance
  4975 | D:5      | Found a glowing golden altar of the Shining One.
  5851 | D:5      | Killed Crazy Yiuf
  5852 | D:5      | Reached skill level 5 in Dodging
  5852 | D:5      | Reached skill level 1 in Spellcasting
  6049 | D:6      | Reached skill level 1 in Poison Magic
  6314 | D:6      | Found Moinyuni's Antique Weapon Emporium.
  7047 | D:6      | Found a white marble altar of Elyvilon.
  7062 | D:6      | Reached skill level 5 in Invocations
  7350 | D:6      | Reached XP level 9. HP: 53/75 MP: 12/12
  7456 | D:6      | Found a staircase to the Ecumenical Temple.
  7540 | D:6      | Found an ancient bone altar of Kikubaaqudgha.
  8671 | D:7      | Found a sacrificial altar of Ru.
  8741 | D:7      | Reached ***** piety under Cheibriados
  9667 | D:8      | Found a staircase to the Lair.
  9677 | D:8      | Found an opulent altar of Gozag.
  9727 | D:8      | Found a sand-covered staircase.
  9731 | Ossuary  | Entered an ossuary
  9906 | Ossuary  | Reached XP level 10. HP: 84/84 MP: 14/14
 10912 | D:8      | Reached skill level 1 in Armour
 11522 | D:9      | Noticed a two-headed ogre
 11525 | D:9      | Killed a two-headed ogre
 11760 | D:10     | Entered Level 10 of the Dungeon
 12324 | D:10     | Gained mutation: You have a pair of small antennae on your
                  | head. [potion of mutation]
 12324 | D:10     | Gained mutation: You tend to lose your temper in combat.
                  | [potion of mutation]
 12324 | D:10     | Gained mutation: Your muscles are strong. (Str +2) [potion
                  | of mutation]
 12325 | D:10     | Lost mutation: You have a pair of small antennae on your
                  | head. [potion of mutation]
 12325 | D:10     | Lost mutation: Your muscles are strong. (Str +2) [potion of
                  | mutation]
 12325 | D:10     | Lost mutation: You tend to lose your temper in combat.
                  | [potion of mutation]
 12325 | D:10     | Gained mutation: Your natural rate of healing is unusually
                  | fast. [potion of mutation]
 12325 | D:10     | Gained mutation: Your flesh is heat resistant. (rF+)
                  | [potion of mutation]
 12450 | D:10     | Noticed a two-headed ogre
 12458 | D:10     | Killed a two-headed ogre
 12459 | D:10     | Reached XP level 11. HP: 18/93 MP: 12/16
 12627 | D:10     | Found a shimmering blue altar of Sif Muna.
 12913 | D:10     | Reached skill level 5 in Poison Magic
 13328 | D:11     | Noticed a phantasmal warrior
 13331 | D:11     | Noticed a white ugly thing
 13344 | D:11     | Killed a phantasmal warrior
 13362 | D:11     | Noticed a phantasmal warrior
 13373 | D:11     | Noticed a four-headed hydra
 13376 | D:11     | Killed a phantasmal warrior
 13379 | D:11     | Killed a four-headed hydra
 13427 | D:11     | Noticed Fannar
 13440 | D:11     | Killed Fannar
 13452 | D:11     | Noticed a spark wasp
 13470 | D:11     | Slain by a spark wasp (shapeshifter)

Illustrated notes

Levels and vault maps discovered:
D:1:      lordsloth_arrival_two_stooges, layout_basic,
          ebering_ecumenical_altar_hall
D:2:      layout_loops_ring
D:3:      layout_basic, lemuel_old_faithful, uniq_ijyb
D:4:      layout_basic, marbit_many_paths,
          nicolae_dithmenos_through_a_glass_darkly, grunt_ministairs_6
D:5:      layout_gridville, mainiacjoe_overflow_chevrons, lemuel_tele_altar,
          corexii_hall_statues_x, kb_lookout_dungeons_type, uniq_eustachio,
          uniq_crazy_yiuf_cottage, uniq_prince_ribbit1
D:6:      layout_loops_ring, nicolae_kikubaaqudgha_miasma_corner,
          nicolae_elyvilon_peaceful_grove, minmay_temple_entry_ruins,
          serial_shops, kennysheep_little_box
D:7:      layout_basic, amcnicky_altar_gilded
D:8:      layout_gridville, nicolae_gozag_seed_capital,
          erik_lair_orcish_takeover, enter_ossuary_5
D:9:      layout_cave_pools, kennysheep_diamond, grunt_ogre_cave
D:10:     layout_basic, tgw_sif, st_stairs_3
D:11:     layout_roguey, hellmonk_guarded_unrand_seven_league_boots, uniq_fannar

Skill      XL: |  1  2  3  4  5  6  7  8  9 10 11 |
---------------+----------------------------------+-----
Dodging        | 3 4 5 6 7 |  7.6
Fighting       | 4 5 6 7 8 9 |  9.1
Long Blades    | 4 5 6 7 8 9 |  9.1
Invocations    | 1 2 4 5 6 7 8 |  8.7
Spellcasting   | 2 |  2.0
Poison Magic   | 2 3 4 5 |  5.5
Armour         | 2 4 |  4.0
Stealth        | |  1.2

Action                   |  1- 3 |  4- 6 |  7- 9 | 10-12 || total
-------------------------+-------+-------+-------+-------++-------
Melee: Falchion          |    91 |    99 |   296 |   303 ||   789
       Tailslap          |    16 |    22 |   113 |   110 ||   261
Throw: Throwing net      |       |       |       |     3 ||     3
Invok: Bend Time         |       |     1 |     6 |     8 ||    15
       Slouch            |       |       |       |     4 ||     4
 Abil: Rolling Charge    |     6 |    24 |    37 |    16 ||    83
Evoke: Wand              |       |     1 |       |    13 ||    14
  Use: Scroll            |       |     3 |     2 |     9 ||    14
       Potion            |       |       |       |     5 ||     5
 Stab: Sleeping          |     1 |     1 |       |       ||     2
       Held in net/web   |       |       |       |     3 ||     3
Armor: Robe              |    44 |    32 |       |       ||    76
       Leather armour    |       |       |     8 |       ||     8
       Chain mail        |       |       |    42 |       ||    42
       Plate armour      |       |       |    76 |   118 ||   194
Dodge: Dodged            |    70 |    60 |   145 |   135 ||   410
Block: Other             |       |       |    15 |    79 ||    94
       Reflection        |       |       |       |     5 ||     5
       Rpst.: Falchion   |    19 |    17 |    31 |    42 ||   109
